 Dungeon Crawl Stone Soup version 0.32-a0-705-g60f233581c (webtiles) character file.

Game seed: 5312849982956506689

395116 scisormetimb3rs the Executioner (level 22, -7/222 HPs)
             Began as a Mountain Dwarf Fighter on Mar 3, 2024.
             Was a High Priest of Okawaru.
             Mangled by a golden dragon (10 damage)
             ... on level 4 of the Depths on Mar 14, 2024.
             The game lasted 01:30:24 (52665 turns).

scisormetimb3rs the Executioner (MDFi)             Turns: 52665, Time: 01:30:25

Health: -7/222     AC: 32    Str: 23    XL:     22   Next: 17%
Magic:  34/35      EV:  8    Int: 12    God:    Okawaru [*****.]
Gold:   345        SH: 28    Dex: 26    Spells: 21/21 levels left

rFire   + + .        k - +5 broad axe (heavy)
rCold   + + +        Z - +2 tower shield
rNeg    + + +        c - +1 gold dragon scales
rPois   +            H - +1 helmet of the Aged Olives {*Slow rN+++ Regen+ SInv}
rElec   +            e - scarf {rC+ rF+}
rCorr   .            h - +0 pair of gloves {Dex+3}
SInv    +            G - +0 pair of boots of Ippumn {Dex+6}
Will    +++..        W - amulet of the Saviour {rPois Regen+ Dex+8 Stlth+} Stlth
                     j - ring of willpower
HPRegen 2.17/turn    n - ring of Reimbursement {rElec rC+ Str-4 Slay+4}
MPRegen 0.24/turn

%: slow self (1%)
@: heroic, studying Armour
A: runic magic, artefact enchanting
}: 2/15 runes: decaying, serpentine
a: Renounce Religion, Heroism, Finesse, Duel


You were on level 4 of the Depths.
You worshipped Okawaru.
Okawaru was extremely pleased with you.
You visited 8 branches of the dungeon, and saw 39 of its levels.
You visited 1 bazaar.
You also visited: Bailey and Gauntlet.

You collected 5197 gold pieces.
You spent 4852 gold pieces at shops.

Inventory:

Hand Weapons
 k - a +5 heavy broad axe (weapon)
 t - a +2 heavy broad axe
 y - the +4 morningstar of Duveol {flame, Fly rF+}
   (You found it on level 6 of the Dungeon)

   rF+:       It protects you from fire.
   Fly:       It grants you flight.
Missiles
 O - 21 javelins
 R - 8 boomerangs
 S - 15 silver javelins
Armour
 a - the +0 helmet of the Fiddle {rElec rPois Str+3 Int-3}
   (Okawaru gifted it to you on level 2 of the Lair of Beasts)

   Str+3:     It affects your strength (+3).
   Int-3:     It affects your intelligence (-3).
   rElec:     It insulates you from electricity.
   rPois:     It protects you from poison.
 c - +1 gold dragon scales (worn)
 e - a scarf of resistance (worn)
 h - a +0 pair of gloves of dexterity (worn)
 G - the +0 pair of boots of Ippumn (worn) {Dex+6}
   (You bought it in a shop on level 6 of the Dungeon)

   Dex+6:     It affects your dexterity (+6).
 H - the +1 helmet of the Aged Olives (worn) {*Slow rN+++ Regen+ SInv}
   (You bought it in a shop on level 3 of the Dungeon)

   rN+++:     It renders you almost immune to negative energy.
   SInv:      It lets you see invisible.
   Regen+:    It increases your rate of health regeneration.
   *Slow:     It may slow you when you take damage.
 U - the +2 cloak of Philately {Rampage rF+ Dex+5}
   (You found it on level 2 of the Vaults)

   Dex+5:     It affects your dexterity (+5).
   rF+:       It protects you from fire.
   Rampage:   It bestows one free step when moving towards enemies.
 Z - a +2 tower shield (worn)
Jewellery
 f - a ring of protection from fire
 j - a ring of willpower (left hand)
 n - the ring of Reimbursement (right hand) {rElec rC+ Str-4 Slay+4}
   (You bought it in a shop in a bazaar)

   [ring of slaying]

   Str-4:     It affects your strength (-4).
   Slay+4:    It affects your accuracy & damage with ranged weapons and melee
   (+4).
   rC+:       It protects you from cold.
   rElec:     It insulates you from electricity.
 B - the brooch of Shielding {Spirit SH+8}
   (You bought it in a shop on level 2 of the Orcish Mines)

   [amulet of guardian spirit]

   Spirit:    It causes incoming damage to be divided between your reserves of
   health and magic.
   SH+8:      It affects your SH (+8).
 D - an amulet of guardian spirit
 E - a ring of protection from cold
 V - a ring of resist corrosion
 W - the amulet of the Saviour (around neck) {rPois Regen+ Dex+8 Stlth+}
   (You bought it in a shop on level 2 of the Snake Pit)

   [amulet of regeneration]

   Dex+8:     It affects your dexterity (+8).
   rPois:     It protects you from poison.
   Regen+:    It increases your rate of health regeneration.
   Stlth+:    It makes you more stealthy.
Wands
 d - a wand of polymorph (1)
 s - a wand of acid (14)
 F - a wand of paralysis (27)
 M - a wand of flame (66)
 P - a wand of roots (47)
Scrolls
 i - 12 scrolls of teleportation
 p - 4 scrolls of blinking
 q - 7 scrolls of revelation
 u - a scroll of poison
 x - 10 scrolls of fog
 I - a scroll of immolation
 X - 4 scrolls of fear
Potions
 b - a potion of enlightenment
 g - 18 potions of curing
 l - 2 potions of attraction
 m - 2 potions of invisibility
 o - 2 potions of haste
 v - 8 potions of might
 w - 6 potions of mutation
 z - 4 potions of lignification {unknown}
 A - a potion of cancellation
 C - 11 potions of heal wounds
 J - a potion of berserk rage {unknown}
 N - 4 potions of resistance
Miscellaneous
 r - a phial of floods
 Q - a lightning rod (4/4)


   Skills:
 * Level 23.9(27) Fighting
 * Level 25.6(27) Axes
 + Level 18.4(23.4) Armour
 + Level 18.0(23.0) Shields
 + Level 19.5 Invocations


You had 21 spell levels left.
You didn't know any spells.
Your spell library contained the following spells:

 Spells                   Type           Power      Damage    Failure   Level
 Freeze                   Ice            0%         1d3       63%         1
 Magic Dart               Conj           0%         1d3       63%         1
 Necrotise                Necr           0%         1d4       63%         1
 Sandblast                Erth           0%         2d4       63%         1
 Blink                    Tloc           0%         N/A       77%         2
 Ensorcelled Hibernation  Hex/Ice        0%         N/A       77%         2
 Lesser Beckoning         Tloc           0%         N/A       77%         2
 Dazzling Flash           Conj/Hex       0%         N/A       94%         3
 Frozen Ramparts          Ice            0%         1d1       94%         3
 Gell's Gravitas          Tloc           0%         N/A       94%         3
 Hailstorm                Conj/Ice       0%         3d5       94%         3
 Mephitic Cloud           Conj/Alch/Air  0%         N/A       94%         3
 Passwall                 Erth           0%         N/A       94%         3
 Sigil of Binding         Hex            0%         N/A       94%         3
 Stone Arrow              Conj/Erth      0%         3d7       94%         3
 Teleport Other           Tloc           0%         N/A       94%         3
 Vampiric Draining        Necr           0%         2d6       94%         3
 Volatile Blastmotes      Fire/Tloc      0%         2d10      94%         3
 Brom's Barrelling Bould  Conj/Erth      0%         2d3       100%        4
 Flame Wave               Conj/Fire      0%         2d4       100%        4
 Leda's Liquefaction      Alch/Erth      0%         N/A       100%        4
 Manifold Assault         Tloc           0%         N/A       100%        4
 Petrify                  Alch/Erth      0%         N/A       100%        4
 Curse of Agony           Necr           0%         N/A       100%        5
 Irradiate                Conj/Alch      0%         3d11      100%        5
 Metabolic Englaciation   Hex/Ice        0%         N/A       100%        5
 Silence                  Hex/Air        0%         N/A       100%        5
 Yara's Violent Unravell  Hex/Alch       0%         3d3       100%        5
 Bombard                  Conj/Erth      0%         9d1       100%        6
 Conjure Ball Lightning   Conj/Air       0%         3x3d6     100%        6
 Dispersal                Tloc           0%         N/A       100%        6
 Starburst                Conj/Fire      0%         6d3       100%        6
 Discord                  Hex            0%         N/A       100%        8
 Disjunction              Tloc           0%         N/A       100%        8
 Maxwell's Capacitive Co  Air            0%         ∞         100%        8
 Call Imp                 Summ           Unusable   N/A       N/A         2
 Tukima's Dance           Hex            Unusable   N/A       N/A         3
 Martyr's Knell           Necr/Summ      Unusable   N/A       N/A         4
 Death Channel            Necr           Unusable   N/A       N/A         6
 Sculpt Simulacrum        Ice/Alch       Unusable   N/A       N/A         6

Dungeon Overview and Level Annotations

Branches:
Dungeon (15/15)            Temple (1/1) D:5            Lair (5/5) D:10
  Swamp (4/4) Lair:3        Snake (4/4) Lair:2        Slime (0/5) Lair:5
    Orc (2/2) D:12            Elf (0/3) Orc:2        Vaults (4/5) D:14
  Crypt (0/3) Vaults:2     Depths (4/4) D:15            Zot (0/5) Depths:4
 Bailey (visited)         Gauntlet (visited)

Altars:
Ashenzari
Cheibriados
Dithmenos
Elyvilon
Fedhas
Gozag
Hepliaklqana
Kikubaaqudgha
Makhleb
Nemelex Xobeh
Okawaru
Qazlal
Ru
Sif Muna
Trog
Uskayaw
Vehumet
Wu Jian
Xom
Yredelemnul
Zin
The Shining One
Beogh
Jiyva

Shops:
D:3 [   D:5 *   D:6 [   D:9 =   Orc:2 =![:   Snake:2 :=:   Snake:3 :
Snake:4 !   Vaults:1 (   Vaults:2 [

Portals:
Hell: Depths:1 Depths:2 Depths:3
Abyss: D:5 Depths:3
Pandemonium: Depths:2
Ziggurat: Depths:2

Annotations:
D:2 1 runed translucent door, Crazy Yiuf
D:5 2 transporters, ezpacito's ghost, novice CoCK
D:9 Maurice
D:14 Roxanne
Temple 4 transporters


Innate Abilities, Weirdness & Mutations

Your spellcasting is much less encumbered by armour.
You can use scrolls of enchantment on lesser artefacts.


Message History

The golden dragon tramples you!
* * * LOW HITPOINT WARNING * * *
You hold your ground!
The rakshasa blinks!
You open the golden dragon like a pillowcase!!!
The golden dragon is heavily wounded.
You slice the purple draconian shifter!!
You block the purple draconian shifter's attack.
The golden dragon breathes cold at you. The bolt of cold hits you. You resist.
* * * LOW HITPOINT WARNING * * *
The rakshasa weaves an illusion.
The purple draconian shifter shimmers and seems to become two!
You slash the golden dragon!
The golden dragon is severely wounded.
You closely miss the purple draconian shifter.
The purple draconian shifter mumbles some strange words.
The purple draconian shifter blinks!
The purple draconian shifter gestures wildly while chanting.
The purple draconian shifter blinks!
You block the golden dragon's attack. x4
The golden dragon claws you but does no damage.
The golden dragon barely misses you.
You slice the golden dragon!!
The golden dragon is severely wounded.
The purple draconian shifter casts a spell at you.
You resist with almost no effort.
You block the golden dragon's attack. x3
The purple draconian shifter gestures wildly while chanting.
The purple draconian shifter blinks!
You completely miss the golden dragon.
The golden dragon is severely wounded.
The rakshasa blinks!
You block the golden dragon's attack. x2
The golden dragon closely misses you.
The purple draconian shifter breathes dispelling energy at you.
The bolt of dispelling energy hits you!!!
* * * LOW HITPOINT WARNING * * *
The purple draconian shifter casts a spell at you.
You resist with almost no effort.
You feel much better. The golden dragon bites you!!
* * * LOW HITPOINT WARNING * * *
The golden dragon claws you!
You die...

............#####.=..###..
..................##......
..........................
.................#..######
.................#..#
.≈≈..............#..# ########
...............q.R..####..#...##
.....#.........≈)D#...##.......#
.≈...##.........@.##..##..##...#
......##....q.###)##......###..##
.....####....##['........####...#
.....# #....##..#)######## #...#.
...... #...##..##[# ###.###.
.....# ..###RV.#..# ##.#..#.. .
.##.!.)##..#######........ #
#.....#..............#...
#..q[.##...........##.##..


You could see a golden dragon, 2 draconians and a rakshasa.

Vanquished Creatures
  A dread lich (Depths:3)
  3 juggernauts (Depths:4)
  Saint Roka (Vaults:4)
  2 caustic shrikes
  6 golden dragons
  Jory (Depths:3)
  Jorgrun (D:15)
  4 tentacled monstrosities
  Rupert (D:13)
  A walking crystal tome (Depths:3)
  2 liches (Depths:3)
  3 walking earthen tomes
  A titan (Depths:2)
  3 thorn hunters
  3 sphinxes
  3 shadow dragons (Depths:2)
  Agnes (Snake:1)
  3 storm dragons
  4 tengu reavers
  The ghost of DeathSocks the Severer, an adept MiGl of Gozag (Orc:1)
  A fenstrider witch (Swamp:2)
  8 fire giants
  3 nagarajas
  Louise (D:14)
  2 ghouls (Swamp:3)
  5 spectral caustic shrikes (Depths:2)
  5 vault wardens
  A draconian shifter (Depths:4)
  3 frost giants
  2 iron dragons
  16 ironbound preservers
  3 orc warlords
  2 spriggan defenders
  6 vampire knights
  6 formless jellyfish
  14 very ugly things
  10 stone giants
  Nessos (D:14)
  6 ironbound thunderhulks
  5 eleionomae
  A minotaur (Gauntlet)
  2 bunyips
  A spark wasp (Depths:1)
  2 war gargoyles (Vaults:2)
  A white draconian (Depths:4)
  2 purple draconians (Depths:4)
  11 dire elephants
  A yellow draconian (Depths:4)
  9 fire dragons
  2 crystal guardians (Vaults:4)
  Snorg (Orc:1)
  6 ettins
  3 eidola
  Josephine (Lair:3)
  Fannar (D:12)
  A shambling mangrove (Swamp:2)
  An entropy weaver (shapeshifter) (Depths:3)
  4 yaktaur captains
  6 rakshasas
  8 vault guards
  19 hydras
  2 spriggan air magi
  2 ghost crabs
  4 great orbs of eyes
  6 ice dragons
  A salamander tyrant (Snake:4)
  6 ironbound frosthearts
  8 centaur warriors
  22 anacondas
  3 peacekeepers
  A catoblepas (Lair:4)
  An ogre mage (Orc:2)
  5 boulder beetles
  2 tengu warriors
  3 alligators
  3 two-headed ogres
  11 death yaks
  2 death knights (D:14)
  A two-headed ogre (shapeshifter) (Depths:3)
  A deep troll earth mage (Depths:4)
  6 deep troll shamans
  9 naga warriors
  3 vampire magi
  An occultist (D:15)
  2 sun demons
  6 orc high priests
  4 spriggan berserkers
  11 shock serpents
  9 naga sharpshooters
  12 hell knights (Depths:1)
  2 soul eaters (Depths:1)
  5 iron trolls
  5 salamander mystics
  4 skeletal warriors (D:14)
  16 mana vipers
  A spectral anaconda (Lair:5)
  3 sea snakes (Snake:2)
  6 spriggan druids
  50 deep trolls
  A death drake (Swamp:3)
  3 goliath frogs
  12 swamp dragons
  3 flayed ghosts
  10 naga ritualists
  17 bog bodies
  3 glowing orange brains
  4 arcanists
  9 ironbound convokers
  An obsidian statue (Lair:5)
  8 harpies
  7 phantasmal warriors
  11 lindwurms
  3 deep elf pyromancers
  A deep elf zephyrmancer (D:15)
  15 orc knights
  9 necromancers
  A wolf spider zombie (D:14)
  8 orc sorcerers
  5 will-o-the-wisps
  33 ugly things
  6 cyclopes
  2 manticores
  15 salamanders
  39 black mambas
  7 guardian serpents
  2 dire elephant zombies (Lair:5)
  A moth of wrath (shapeshifter) (Vaults:1)
  26 elephants
  10 vault sentinels
  8 centaur zombies
  2 kobold blastminers (Orc:2)
  2 torpor snails
  3 smoke demons (Depths:1)
  10 naga magi
  9 centaur skeletons
  A gargoyle (D:13)
  14 cane toads
  22 yaktaurs
  A kobold demonologist (D:13)
  An unseen horror (D:12)
  3 rime drakes
  2 freezing wraiths
  4 komodo dragons
  2 yaktaurs (shapeshifter)
  6 tengu conjurers
  3 trolls
  6 tyrant leeches
  4 polar bears
  Grinder (D:4)
  13 hornets
  Prince Ribbit (D:5)
  2 glass eyes
  A dream sheep (shapeshifter) (Depths:4)
  11 dream sheep
  15 blink frogs
  A spectral elephant (Lair:5)
  29 slime creatures
  35 yaks
  A shadow (D:12)
  6 water elementals (Depths:1)
  A vampire (D:11)
  2 wyverns
  A fire elemental (D:15)
  5 wraiths
  18 spriggans
  A human (D:11)
  An elf (Vaults:1)
  2 death yak simulacra (Lair:5)
  9 vampire mosquitoes
  Menkaure (D:5)
  8 basilisks
  A spectral cane toad (Lair:5)
  Edmund (D:4)
  16 swamp worms
  An acid dragon (Bailey)
  26 nagas
  12 water moccasins
  9 swamp drakes
  18 orc warriors
  5 sky beasts
  A spectral troll (Orc:2)
  2 hornet zombies (D:14)
  2 laughing skulls (D:14)
  2 black bears
  17 ogres
  18 wolves
  3 elephant skeletons (Lair:5)
  23 centaurs
  A phantom (D:6)
  2 kobold brigands
  13 bullfrogs
  A two-headed ogre simulacrum (Orc:2)
  2 gnoll sergeants
  6 cane toad simulacra (Lair:5)
  18 wights
  2 elephant simulacra (Lair:5)
  A spectral ogre (Orc:2)
  6 howler monkeys
  A bombardier beetle (D:7)
  3 hounds
  4 lava snakes (Lair:2)
  25 orc priests
  4 jellies
  2 iguanas
  Terence (D:2)
  21 orc wizards
  3 spectral orcs (Orc:2)
  A sleepcap (D:6)
  12 gnolls
  8 adders
  A shadow imp (D:7)
  3 white imps
  2 orc simulacra (Orc:2)
  A ribbon worm (D:3)
  2 dart slugs
  67 orcs
  4 ball pythons
  7 endoplasms
  6 giant cockroaches
  12 goblins
  6 hobgoblins
  4 jackals
  19 kobolds
  4 quokkas
  5 bats
  5 frilled lizards
  9 rats
1458 creatures vanquished.

Vanquished Creatures (others)
  A spriggan berserker (Depths:2)
  A hornet (Swamp:2)
  A spriggan (Swamp:2)
  A swamp drake (Swamp:4)
  An orc priest (Orc:2)
  28 foxfires
33 creatures vanquished.

Grand Total: 1491 creatures vanquished

Notes
Turn   | Place    | Note
-------+----------+-------------------------------------------
     0 | D:1      | scisormetimb3rs the Mountain Dwarf Fighter began the quest
                  | for the Orb.
     0 | D:1      | Reached XP level 1. HP: 19/19 MP: 1/1
    54 | D:1      | Reached XP level 2. HP: 14/26 MP: 2/2
   199 | D:1      | Reached skill level 3 in Axes
   623 | D:2      | Reached XP level 3. HP: 33/33 MP: 3/3
   692 | D:2      | You fall into a shaft and drop 1 floor!
   851 | D:2      | Found a glowing silver altar of Zin.
  1114 | D:2      | Noticed Terence
  1132 | D:2      | Killed Terence
  1133 | D:2      | Reached XP level 4. HP: 5/40 MP: 4/4
  1522 | D:2      | Upgraded the game from 0.32-a0-599-gba8f9cf90e to
                  | 0.32-a0-685-g93135e86f0
  1917 | D:2      | Found a runed translucent door.
  1918 | D:2      | Noticed Crazy Yiuf
  2214 | D:3      | Reached skill level 4 in Axes
  2316 | D:3      | Found Fijoc's Armour Shoppe.
  2659 | D:4      | Noticed Edmund
  2696 | D:4      | Killed Edmund
  2697 | D:4      | Reached XP level 5. HP: 16/47 MP: 5/5
  2920 | D:3      | Reached skill level 5 in Fighting
  2996 | D:4      | Reached skill level 5 in Axes
  2996 | D:4      | Reached XP level 6. HP: 51/56 MP: 6/6
  3043 | D:4      | Noticed Grinder
  3054 | D:4      | Paralysed by Grinder for 4 turns
  3226 | D:4      | Paralysed by Grinder for 2 turns
  3233 | D:4      | Killed Grinder
  3843 | D:4      | Reached XP level 7. HP: 52/62 MP: 7/7
  3892 | D:4      | Reached skill level 6 in Axes
  4029 | D:5      | Entered Level 5 of the Dungeon
  4361 | D:5      | Found a transporter.
  4400 | D:5      | Found a one-way gate to the infinite horrors of the Abyss.
  4400 | D:5      | Noticed ezpacito's ghost (novice CoCK)
  4404 | D:5      | Found a transporter.
  4443 | D:5      | Reached skill level 5 in Armour
  4875 | D:5      | Found a staircase to the Ecumenical Temple.
  4918 | D:5      | Found Puap's Assorted Antiques.
  4929 | Temple   | Found a transporter.
  4929 | Temple   | Found a transporter.
  4929 | Temple   | Found a transporter.
  4929 | Temple   | Found a transporter.
  4929 | Temple   | Entered the Ecumenical Temple
  4940 | D:5      | Noticed Prince Ribbit
  5115 | D:5      | Killed Prince Ribbit
  5116 | D:5      | Reached skill level 7 in Axes
  5116 | D:5      | Reached skill level 5 in Shields
  5116 | D:5      | Reached XP level 8. HP: 34/71 MP: 8/8
  6755 | D:6      | Noticed Menkaure
  7346 | D:5      | Killed Menkaure
  7347 | D:5      | Reached skill level 8 in Axes
  7434 | D:6      | Identified the +4 morningstar of Duveol {flame, Fly rF+}
  8060 | D:6      | Found a sparkling altar of Nemelex Xobeh.
  8060 | D:6      | Found a bloodstained altar of Trog.
  8060 | D:6      | Found an iron altar of Okawaru.
  8060 | D:6      | Found an opulent altar of Gozag.
  8066 | D:6      | Found a glowing golden altar of the Shining One.
  8068 | D:6      | Became a worshipper of Warmaster Okawaru
  8071 | D:6      | Found a stormy altar of Qazlal.
  8110 | D:6      | Found Kejen's Antique Armour Shop.
  8652 | D:6      | Reached XP level 9. HP: 81/81 MP: 9/9
  8679 | D:6      | Reached skill level 1 in Invocations
  8774 | D:6      | Identified the +7 whip of Coyjuc {flame, rC+ rN++ Int+4}
 10329 | D:7      | Reached skill level 9 in Axes
 10755 | D:7      | Got the Discourse on Combustive Albedo
 10994 | D:7      | Reached * piety under Okawaru
 12036 | D:8      | Reached ** piety under Okawaru
 12037 | D:8      | Reached skill level 10 in Axes
 12131 | D:8      | Found a shadowy altar of Dithmenos.
 12175 | D:8      | Reached XP level 10. HP: 74/87 MP: 11/13
 12258 | D:8      | Found a hazy altar of Hepliaklqana.
 12258 | D:8      | Found an ancient bone altar of Kikubaaqudgha.
 12520 | D:3      | Bought the +0 helmet of the Aged Olives {*Slow rN+++ Regen+
                  | SInv} for 404 gold pieces
 12894 | D:9      | Found Rakhlaxi's Jewellery Shop.
 12998 | D:9      | Reached *** piety under Okawaru
 13007 | D:9      | Reached skill level 10 in Fighting
 13065 | D:9      | Noticed Maurice
 13333 | D:9      | Maurice stole the +7 whip of Coyjuc {flame, rC+ rN++ Int+4}
 13335 | D:9      | Something stole 2 throwing nets
 13403 | D:10     | Entered Level 10 of the Dungeon
 13434 | D:10     | Found a flagged portal.
 13464 | Bailey   | Entered a bailey
 13529 | Bailey   | Reached skill level 5 in Invocations
 13637 | Bailey   | Noticed a two-headed ogre
 13656 | Bailey   | Killed a two-headed ogre
 13656 | Bailey   | Reached **** piety under Okawaru
 13657 | Bailey   | Reached skill level 11 in Axes
 14018 | D:10     | Found a staircase to the Lair.
 14496 | D:10     | Reached ***** piety under Okawaru
 14497 | D:10     | Reached XP level 11. HP: 101/101 MP: 15/15
 15965 | D:12     | Found a staircase to the Orcish Mines.
 16020 | Lair:1   | Entered Level 1 of the Lair of Beasts
 16131 | D:6      | Bought a pair of faintly glowing boots for 256 gold pieces
 16131 | D:6      | Identified the +0 pair of boots of Ippumn {Dex+6} (You
                  | bought it in a shop on level 6 of the Dungeon)
 16268 | Lair:1   | Reached skill level 12 in Axes
 16945 | Lair:1   | Received a gift from Okawaru
 17281 | Lair:2   | You fall into a shaft and drop 2 floors!
 17358 | Lair:3   | Found a gate leading to a gauntlet.
 17373 | Gauntlet | Entered a Gauntlet
 17373 | Gauntlet | Found a transporter.
 17378 | Gauntlet | Found a transporter.
 17386 | Gauntlet | Reached skill level 13 in Axes
 17410 | Gauntlet | Found a transporter.
 17410 | Gauntlet | Found a transporter.
 17425 | Gauntlet | Found a transporter.
 17436 | Gauntlet | Received a gift from Okawaru
 17440 | Gauntlet | Reached XP level 12. HP: 107/112 MP: 17/17
 17446 | Gauntlet | Found a transporter.
 17446 | Gauntlet | Found a transporter.
 17467 | Gauntlet | Found a runed translucent door.
 17468 | Gauntlet | Found a runed translucent door.
 17515 | Gauntlet | Noticed a minotaur
 17541 | Gauntlet | Killed a minotaur
 17566 | Gauntlet | Got the Verses on the Ill-fated Burn
 17699 | Lair:2   | Found a staircase to the Snake Pit.
 18063 | Lair:2   | Found a stormy altar of Qazlal.
 18712 | Lair:3   | Noticed a death yak
 18735 | Lair:3   | Noticed a death yak
 18735 | Lair:3   | Noticed a death yak
 18772 | Lair:3   | Killed a death yak
 18779 | Lair:3   | Noticed a death yak
 18806 | Lair:2   | Killed a death yak
 18831 | Lair:2   | Killed a death yak
 18831 | Lair:2   | Reached ****** piety under Okawaru
 18835 | Lair:2   | Acquired a +2 heavy broad axe
 18835 | Lair:2   | Received a gift from Okawaru
 18840 | Lair:2   | Acquired the +0 helmet of the Fiddle {rElec rPois Str+3
                  | Int-3}
 18840 | Lair:2   | Received a gift from Okawaru
 18861 | Lair:3   | Killed a death yak
 18861 | Lair:3   | Received a gift from Okawaru
 18862 | Lair:3   | Reached skill level 14 in Axes
 19085 | Lair:3   | Noticed Josephine
 19228 | Lair:3   | Killed Josephine
 19341 | Lair:3   | Reached skill level 10 in Armour
 19341 | Lair:3   | Reached skill level 10 in Shields
 19721 | Lair:3   | Found a staircase to the Swamp.
 19733 | Lair:3   | Received a gift from Okawaru
 19734 | Lair:3   | Reached XP level 13. HP: 106/122 MP: 18/20
 20099 | Lair:4   | Reached skill level 15 in Axes
 20102 | Lair:4   | Received a gift from Okawaru
 20738 | Lair:4   | Reached skill level 10 in Invocations
 20790 | Lair:5   | Entered Level 5 of the Lair of Beasts
 20972 | Lair:5   | Received a gift from Okawaru
 21703 | Lair:4   | Received a gift from Okawaru
 21814 | Lair:5   | Found a staircase to the Slime Pits.
 21814 | Lair:5   | Found a viscous altar of Jiyva.
 22147 | Lair:5   | Reached XP level 14. HP: 127/133 MP: 22/22
 22150 | Lair:5   | Reached skill level 16 in Axes
 22151 | Lair:5   | Received a gift from Okawaru
 22152 | Lair:5   | Reached skill level 15 in Fighting
 22607 | Lair:5   | Received a gift from Okawaru
 23201 | Orc:1    | Entered Level 1 of the Orcish Mines
 23642 | Orc:1    | Noticed Snorg
 23651 | Orc:1    | Killed Snorg
 23761 | Orc:2    | Entered Level 2 of the Orcish Mines
 23914 | Orc:2    | Found a staircase to the Elven Halls.
 24143 | Orc:2    | Found a runed translucent gate.
 24143 | Orc:2    | Found a runed translucent gate.
 24143 | Orc:2    | Found a runed translucent gate.
 24145 | Orc:2    | Noticed DeathSocks's ghost (adept MiGl)
 24253 | Orc:2    | Received a gift from Okawaru
 24254 | Orc:2    | Reached skill level 17 in Axes
 24960 | Orc:2    | Found Suofoa's Book Emporium.
 24960 | Orc:2    | Found Arphie Kayfoe's Jewellery Boutique.
 24962 | Orc:2    | Found Biciocuirch's Antique Armour Emporium.
 24962 | Orc:2    | Found Saddeek's Distillery.
 24974 | Orc:2    | Bought the brooch of Shielding {Spirit SH+8} for 715 gold
                  | pieces
 24974 | Orc:2    | Found the brooch of Shielding {Spirit SH+8}
 24986 | Orc:2    | Bought a potion of heal wounds for 80 gold pieces
 24986 | Orc:2    | Bought 2 potions of heal wounds for 160 gold pieces
 24986 | Orc:2    | Bought 2 potions of curing for 96 gold pieces
 24986 | Orc:2    | Bought a potion of curing for 48 gold pieces
 24986 | Orc:2    | Bought a potion of might for 64 gold pieces
 25140 | Orc:1    | Killed DeathSocks's ghost
 25466 | D:12     | Noticed Fannar
 25476 | D:12     | Killed Fannar
 25590 | D:12     | Found a roughly hewn altar of Beogh.
 25618 | D:12     | Reached XP level 15. HP: 84/144 MP: 15/24
 26097 | D:13     | Noticed Rupert
 26124 | D:13     | Killed Rupert
 26652 | D:14     | Noticed Nessos
 26685 | D:14     | Killed Nessos
 26907 | D:14     | Received a gift from Okawaru
 26967 | D:14     | Noticed Louise
 26981 | D:14     | Killed Louise
 27079 | D:14     | Noticed Roxanne
 27140 | D:14     | Received a gift from Okawaru
 27147 | D:14     | Reached skill level 18 in Axes
 27218 | D:14     | Found a gate to the Vaults.
 27402 | D:14     | Found a broken altar of Ashenzari.
 27500 | D:14     | Received a gift from Okawaru
 27732 | D:15     | Entered Level 15 of the Dungeon
 27994 | D:15     | Noticed Jorgrun
 28010 | D:15     | Killed Jorgrun
 28059 | D:15     | Received a gift from Okawaru
 28150 | D:15     | Paralysed by an orc sorcerer for 4 turns
 28213 | D:15     | Found a staircase to the Depths.
 28252 | D:15     | Reached XP level 16. HP: 143/155 MP: 21/26
 28286 | D:15     | Found a hide-covered altar of Uskayaw.
 28828 | Snake:1  | Entered Level 1 of the Snake Pit
 28902 | Snake:1  | Received a gift from Okawaru
 29345 | Snake:1  | Noticed Agnes
 29353 | Snake:1  | Killed Agnes
 29354 | Snake:1  | Reached skill level 19 in Axes
 29628 | Snake:1  | Received a gift from Okawaru
 30378 | Snake:2  | Received a gift from Okawaru
 30432 | Snake:2  | Found a hide-covered altar of Uskayaw.
 31185 | Snake:2  | Received a gift from Okawaru
 31679 | Snake:2  | Found Mearuifa's Book Shoppe.
 31679 | Snake:2  | Found Elayrch's Jewellery Shop.
 31680 | Snake:2  | Found Jilirr's Book Shoppe.
 32178 | Snake:3  | Reached XP level 17. HP: 152/166 MP: 27/27
 32365 | Snake:3  | Found Ommoung's Book Boutique.
 32384 | Snake:3  | Reached skill level 20 in Axes
 32891 | Snake:4  | Entered Level 4 of the Snake Pit
 32904 | Snake:4  | Received a gift from Okawaru
 32944 | Snake:4  | Found Mauh's Distillery.
 32951 | Snake:4  | Bought a potion of heal wounds for 65 gold pieces
 32951 | Snake:4  | Bought a potion of heal wounds for 65 gold pieces
 32951 | Snake:4  | Bought a potion of heal wounds for 65 gold pieces
 34233 | Snake:4  | Received a gift from Okawaru
 34341 | Snake:4  | Reached skill level 15 in Invocations
 34490 | Snake:4  | Got a serpentine rune of Zot
 34827 | Swamp:1  | Entered Level 1 of the Swamp
 35813 | Swamp:1  | Noticed a tentacled monstrosity
 35834 | Swamp:1  | Killed a tentacled monstrosity
 35834 | Swamp:1  | Received a gift from Okawaru
 35981 | Swamp:2  | Reached skill level 21 in Axes
 36155 | Swamp:2  | Paralysed by a fenstrider witch for 2 turns
 36163 | Swamp:2  | Paralysed by a fenstrider witch for 3 turns
 36336 | Swamp:2  | Upgraded the game from 0.32-a0-685-g93135e86f0 to
                  | 0.32-a0-699-g1ee5eff69a
 36405 | Swamp:2  | Reached XP level 18. HP: 171/178 MP: 29/29
 36876 | Swamp:3  | Received a gift from Okawaru
 37191 | Swamp:3  | Identified a scroll of acquirement
 37192 | Swamp:3  | Acquired a scarf of resistance
 37257 | Swamp:3  | Reached skill level 15 in Armour
 37549 | Swamp:4  | Entered Level 4 of the Swamp
 37834 | Swamp:4  | Reached skill level 15 in Shields
 38993 | Swamp:4  | Received a gift from Okawaru
 39018 | Swamp:4  | Acquired 882 gold pieces
 39128 | Swamp:4  | Got a decaying rune of Zot
 39177 | Swamp:4  | Identified the +0 ring mail "Busm" {Harm Will+ Str+5}
 39601 | Vaults:1 | Entered Level 1 of the Vaults
 39888 | Vaults:1 | Received a gift from Okawaru
 39978 | Vaults:1 | Reached skill level 22 in Axes
 40244 | Vaults:1 | Upgraded the game from 0.32-a0-699-g1ee5eff69a to
                  | 0.32-a0-705-g60f233581c
 40374 | Vaults:1 | Identified the +1 robe of a sewer {rN+ Int+2 Slay-3
                  | Archmagi}
 40517 | Vaults:1 | Found Limiraiw's Weapon Boutique.
 40612 | Vaults:1 | Reached XP level 19. HP: 101/187 MP: 17/31
 40702 | Vaults:1 | Identified the +0 robe "Lahucsir" {rPois}
 41254 | Vaults:2 | Paralysed by a formless jellyfish for 1 turns
 41682 | Vaults:2 | Identified the +2 cloak of Philately {Rampage rF+ Dex+5}
 41778 | Vaults:2 | Received a gift from Okawaru
 42036 | Vaults:2 | Found Ughuvug's Antique Armour Shop.
 42041 | Vaults:2 | Bought a pair of embroidered gloves for 187 gold pieces
 42644 | Vaults:2 | Found a staircase to the Crypt.
 42644 | Vaults:2 | Found an ancient bone altar of Kikubaaqudgha.
 42645 | Vaults:2 | Found a basalt altar of Yredelemnul.
 42805 | Vaults:2 | Received a gift from Okawaru
 43607 | Vaults:3 | Reached skill level 23 in Axes
 43807 | Vaults:3 | Received a gift from Okawaru
 43955 | Vaults:3 | Paralysed by a formless jellyfish for 1 turns
 44210 | Vaults:4 | Noticed Saint Roka
 44500 | Vaults:3 | Received a gift from Okawaru
 44524 | Vaults:4 | Killed Saint Roka
 44696 | Vaults:4 | Reached XP level 20. HP: 93/199 MP: 13/32
 45383 | Vaults:4 | Received a gift from Okawaru
 45440 | Vaults:4 | Identified the +0 chain mail "Ypsu Xac" {rElec Str+4}
 46322 | Snake:2  | Bought the amulet of the Saviour {rPois Regen+ Dex+8
                  | Stlth+} for 1094 gold pieces
 46439 | Snake:4  | Bought a potion of curing for 39 gold pieces
 46439 | Snake:4  | Bought a potion of curing for 39 gold pieces
 46439 | Snake:4  | Bought a potion of resistance for 130 gold pieces
 46439 | Snake:4  | Bought a potion of curing for 39 gold pieces
 46439 | Snake:4  | Bought a potion of invisibility for 104 gold pieces
 46439 | Snake:4  | Bought a potion of magic for 104 gold pieces
 47145 | Depths:1 | Entered Level 1 of the Depths
 47703 | Depths:1 | Reached skill level 24 in Axes
 47830 | Depths:1 | Identified the +10 demon whip of the Final Decision {elec,
                  | rC- MP+9 Str+4 SInv}
 47834 | Depths:1 | Received a gift from Okawaru
 48135 | Depths:1 | Found a gateway to Hell.
 48537 | Depths:1 | You fall into a shaft and drop 1 floor!
 48592 | Depths:2 | Found a one-way gate leading to the halls of Pandemonium.
 49017 | Depths:2 | Found a one-way gateway to a ziggurat.
 49355 | Depths:2 | Received a gift from Okawaru
 49464 | Depths:2 | Reached XP level 21. HP: 186/209 MP: 34/34
 49543 | Depths:2 | Noticed a golden dragon
 49551 | Depths:2 | Killed a golden dragon
 50484 | Depths:2 | Received a gift from Okawaru
 50736 | Depths:3 | Found a flickering gateway to a bazaar.
 50761 | Bazaar   | Entered a bazaar
 50785 | Bazaar   | Found Rysy's Magic Scroll Shoppe.
 50786 | Bazaar   | Found Popteam's Jewellery Emporium.
 50801 | Bazaar   | Bought the ring of Reimbursement {rElec rC+ Str-4 Slay+4}
                  | for 634 gold pieces
 50905 | Bazaar   | Bought a scroll of blinking for 120 gold pieces
 50905 | Bazaar   | Bought a scroll of enchant weapon for 120 gold pieces
 50905 | Bazaar   | Bought 2 scrolls of teleportation for 96 gold pieces
 50905 | Bazaar   | Bought a scroll of fear for 64 gold pieces
 50905 | Bazaar   | Bought a scroll of fear for 64 gold pieces
 51037 | Depths:3 | Noticed a golden dragon
 51037 | Depths:3 | Noticed Jory
 51045 | Depths:3 | Killed a golden dragon
 51047 | Depths:3 | Noticed a dread lich
 51053 | Depths:3 | Killed Jory
 51085 | Depths:3 | Killed a dread lich
 51085 | Depths:3 | Received a gift from Okawaru
 51125 | Depths:3 | Reached skill level 25 in Axes
 51183 | Depths:3 | Identified the +7 rapier of Woe {protect, rElec rPois rN+
                  | rCorr}
 51428 | Depths:3 | Noticed a golden dragon
 51436 | Depths:3 | Killed a golden dragon
 51666 | Depths:3 | Noticed a golden dragon
 51673 | Depths:3 | Killed a golden dragon
 51673 | Depths:3 | Received a gift from Okawaru
 51767 | Depths:3 | Noticed a caustic shrike
 51771 | Depths:3 | Killed a caustic shrike
 52097 | Depths:4 | Entered Level 4 of the Depths
 52250 | Depths:4 | Found a shadowy altar of Dithmenos.
 52326 | Depths:4 | Noticed a juggernaut
 52329 | Depths:4 | Noticed a caustic shrike
 52331 | Depths:4 | Received a gift from Okawaru
 52337 | Depths:4 | Noticed a golden dragon
 52339 | Depths:4 | Killed a juggernaut
 52339 | Depths:4 | Noticed a juggernaut
 52340 | Depths:4 | Killed a caustic shrike
 52351 | Depths:4 | Killed a golden dragon
 52354 | Depths:4 | Reached XP level 22. HP: 62/222 MP: 27/35
 52364 | Depths:4 | Killed a juggernaut
 52365 | Depths:4 | Noticed a golden dragon
 52577 | Depths:4 | Noticed a juggernaut
 52586 | Depths:4 | Killed a juggernaut
 52628 | Depths:4 | Noticed a golden dragon
 52631 | Depths:4 | Found a gate to the Realm of Zot.
 52642 | Depths:4 | Killed a golden dragon
 52645 | Depths:4 | Received a gift from Okawaru
 52652 | Depths:4 | Noticed a golden dragon
 52664 | Depths:4 | HP: 2/222 [purple draconian shifter (illusionary)/bolt of
                  | dispelling energy (42)]
 52665 | Depths:4 | Mangled by a golden dragon

Illustrated notes

Levels and vault maps discovered:
D:1:      reono_arrival_forest_river, layout_basic,
          chequers_serial_rivers_micro_e, nicolae_houndstooth_variations
D:2:      layout_basic, basic_altar, uniq_terence, uniq_crazy_yiuf_cottage
D:3:      layout_loops_ring, serial_shops, nicolae_shop_real_fake_doors,
          nicolae_elevator_lobby_plus
D:4:      layout_rooms, hangedman_decor_clover_reticule,
          lexackson_kobold_supper, uniq_grinder, uniq_edmund
D:5:      layout_basic, minmay_temple_entry_ruins,
          gammafunk_ghost_abyssal_escape, nicolae_stop_n_shop_2,
          uniq_prince_ribbit1
D:6:      minmay_general_purpose_star, layout_loops_cross,
          minmay_overflow_temple_hex, serial_shops, kennysheep_little_box,
          hex_large, uniq_menkaure
D:7:      layout_gridville, chequers_arboretum
D:8:      layout_basic, minitemple
D:9:      layout_gridville, serial_shops, nicolae_shop_hallway_plus,
          uniq_maurice
D:10:     kennysheep_blocky_hall, layout_irregular_city, enter_bailey_4,
          serial_glass, glass_columns_b, glass_columns_a, glass_columns_b
D:11:     layout_gridville
D:12:     layout_gridville, erik_orc_4, special_room [special_room_orc],
          uniq_fannar
D:13:     layout_loops_cross, uniq_rupert
D:14:     hangedman_screamer, layout_long_grid,
          skrybe_vaults_entry_preservation, evilmike_ruin_ashenzari,
          uniq_louise, uniq_nessos, uniq_roxanne
D:15:     grunt_enter_depths_magical_seal, layout_rooms,
          nicolae_uskayaw_suspiria, grunt_decor_fettered, uniq_jorgrun
Temple:   hellmonk_temple_divided_pantheon
Lair:1:   layout_chaotic_city
Lair:2:   layout_small_grid, nicolae_snake_entry_warm_welcome,
          lemuel_centaur_altar
Lair:3:   layout_regular_city, mainiacjoe_swamp_entry_angry_trees,
          gauntlet_entry_generic, uniq_josephine
Lair:4:   layout_cave_pods
Lair:5:   due_jungle_book, layout_concentric_octagons, slime_entry_1,
          grunt_megastairs_3
Swamp:1:  cheibrodos_swamp_monstrosity, layout_falls_marsh,
          evilmike_swamp_ruin_rubble_1
Swamp:2:  layout_basic_swamp, evilmike_swamp_ruin_house_2
Swamp:3:  layout_basic_swamp, nicolae_swamp_tree_designs
Swamp:4:  grunt_swamp_rune_castle, layout_basic_swamp
Snake:1:  layout_misc_corridors, grunt_megastairs_4, uniq_agnes
Snake:2:  layout_layer_cave, basic_altar, minmay_shop_grove,
          serial_bayou_shore_a, grunt_megastairs_1, lemuel_fruit_tree
Snake:3:  layout_onion, serial_shops, shop_statue, serial_bayou_shore_b
Snake:4:  snake_pit_salamanders_mu, layout_cave_town, serial_shops, shop
Orc:1:    layout_diamond_mine, uniq_snorg
Orc:2:    grunt_orc_tribal_feast, layout_caves, gammafunk_ghost_necromancy
Vaults:1: hangedman_vaults_pinch, nicolae_vaults_puzzle_piece,
          nicolae_vaults_more_shelving_1, nicolae_vaults_network_star,
          nicolae_vaults_little_squares_2, hangedman_vaults_stream,
          vaults_room_semicircle, nicolae_vaults_holding_cells,
          nicolae_vaults_little_squares_6, layout_vaults_chaotic_city,
          serial_shops, nicolae_shop_just_a_little_nook
Vaults:2: nicolae_vaults_alarming, st_hourglassy,
          ontoclasm_vaults_loading_screen, nicolae_vaults_ellipses_ellipsis,
          hangedman_vaults_locks, v_misc_18, v_rooms_2,
          minmay_crypt_entry_necro_gods, v_misc_33, nicolae_vaults_trapezoid_2,
          nicolae_vaults_little_squares_2, nicolae_vaults_little_squares_3,
          layout_vaults_omnibox, serial_shops, shop
Vaults:3: vaults_room_hallway, hangedman_vaults_trim, v_pattern_3,
          nicolae_vaults_three_branches, nicolae_vaults_network_periphery,
          v_alt_pattern_6, vaults_dpeg_encased_lava, nicolae_vaults_trapezoid_1,
          hangedman_vaults_maws, ontoclasm_vaults_ligature,
          nicolae_vaults_big_angled_halls, nicolae_vaults_trapezoid_3,
          layout_vaults_ring
Vaults:4: hangedman_vaults_slither, nicolae_vaults_tetromino_L_2,
          vaults_room_hallway, ontoclasm_vaults_decontamination,
          nicolae_vaults_yaktaur_gun_rack, nicolae_vaults_two_Ls,
          nicolae_vaults_spaceships, minmay_orc_keep, ontoclasm_vaults_chip,
          nicolae_vaults_surprise_closet, layout_vaults_omnigrid,
          uniq_saint_roka
Depths:1: kennysheep_large_spiral, layout_gridlike, serial_bayou_shore_b,
          hellmouth_2, nicolae_titane, serial_bayou_shore_b,
          serial_bayou_shore_b
Depths:2: minmay_sliced_demisemicircle, layout_honeycomb, enter_ziggurat_c,
          rand_demon_pan_entry_3, nicolae_zig_zag_zippers,
          pf_hell_entry_tar_river
Depths:3: grunt_arcs, layout_basic, hangedman_abyss_or_decor_stagger,
          pf_hell_entry_great_geh, abyss_entry_crystal, serial_shops,
          bzr_entry_islet, minmay_hollow_rounded_squares, uniq_jory
Depths:4: grunt_zot_entry_bicorn, layout_cave_pools, grunt_hell_entry_dis_mu,
          nicolae_dithmenos_shadow_blocks, minmay_multi_spiral

Skill      XL: |  1  2  3  4  5  6  7  8  9 10 11 12 13 14 15 16 17 18 19 20 21 22 |
---------------+-------------------------------------------------------------------+-----
Axes           | 3 4 5 7 8 10 11 13 14 15 17 18 19 21 22 23 24 25 | 25.6
Fighting       | 4 5 6 8 9 10 12 13 14 16 17 18 19 20 21 22 23 | 23.9
Armour         | 4 5 6 7 8 9 10 11 12 13 14 15 16 17 18 | 18.4
Shields        | 4 5 6 7 8 9 10 11 12 13 14 15 16 17 18 | 18.0
Invocations    | 4 5 7 9 10 12 13 14 15 16 17 18 19 | 19.5

Action                     |  1- 3 |  4- 6 |  7- 9 | 10-12 | 13-15 | 16-18 | 19-21 | 22-24 || total
---------------------------+-------+-------+-------+-------+-------+-------+-------+-------++-------
  Melee: War axe           |   130 |   129 |   452 |   747 |       |       |       |       ||  1458
         Broad axe         |       |       |       |    65 |   806 |  1009 |  1221 |    72 ||  3173
         Morningstar       |       |       |       |       |    24 |    85 |       |       ||   109
  Throw: Throwing net      |       |       |       |     1 |       |       |       |       ||     1
         Dart              |       |       |       |       |     1 |       |       |       ||     1
 Invoke: Heroism           |       |       |       |     4 |    13 |    21 |    15 |     2 ||    55
         Finesse           |       |       |       |     1 |     2 |     4 |     3 |       ||    10
         Receive Weapon    |       |       |       |     1 |       |       |       |       ||     1
         Receive Armour    |       |       |       |     1 |       |       |       |       ||     1
  Evoke: Wand              |       |       |       |     6 |       |     1 |       |       ||     7
         Lightning rod     |       |       |       |       |     1 |       |       |       ||     1
    Use: Potion            |       |     1 |     1 |     3 |     3 |     2 |     1 |     2 ||    13
         Scroll            |       |       |     3 |    12 |     8 |    11 |    11 |     1 ||    46
   Stab: Distracted        |       |       |       |       |       |       |     3 |       ||     3
 Armour: Scale mail        |   106 |    90 |   359 |       |       |       |       |       ||   555
         Chain mail        |       |       |    55 |   290 |       |       |       |       ||   345
         Skin              |       |       |       |     1 |    30 |       |       |       ||    31
         Plate armour      |       |       |       |   474 |   929 |   419 |       |       ||  1822
         Gold dragon scale |       |       |       |       |       |  1097 |   950 |    38 ||  2085
  Dodge: Dodged            |    67 |    49 |   185 |   213 |   280 |   237 |   172 |    14 ||  1217
  Block: Buckler           |    26 |    30 |   105 |       |       |       |       |       ||   161
         Kite shield       |       |       |    39 |   546 |  1029 |  1160 |   109 |       ||  2883
         Reflection        |       |       |       |       |     3 |    38 |     7 |       ||    48
         Tower shield      |       |       |       |       |       |       |  1592 |    80 ||  1672

Table legend: (Time is in decaauts)
 A = Elapsed time spent in this place.
 B = Non-inter-level travel time spent in this place.
 C = Inter-level travel time spent in this place.
 D = Time resting spent in this place.
 E = Time spent auto-exploring this place.
 F = Levels seen in this place.
 G = Mean time per level.
                   A        B        C        D        E       F      G
               +--------+--------+--------+--------+--------+-----+--------+
         Total |  53682 |  49741 |   3941 |  15425 |  21666 |  42 | 1278.1 |
       Dungeon |  19793 |  18009 |   1784 |   6287 |   8149 |  15 | 1319.5 |
        Temple |    152 |    152 |      0 |    138 |      0 |   1 |  152.0 |
          Lair |   7430 |   6769 |    661 |   1777 |   3187 |   5 | 1486.0 |
         Swamp |   4627 |   4471 |    156 |   1808 |   1489 |   4 | 1156.8 |
     Snake Pit |   6312 |   5819 |    493 |   1608 |   2512 |   4 | 1578.0 |
  Orcish Mines |   2113 |   2025 |     88 |    623 |    727 |   2 | 1056.5 |
        Vaults |   6967 |   6302 |    665 |   1463 |   3388 |   4 | 1741.8 |
        Depths |   5427 |   5336 |     91 |   1354 |   2188 |   4 | 1356.8 |
        Bazaar |    159 |    159 |      0 |    119 |      0 |   1 |  159.0 |
        Bailey |    490 |    490 |      0 |    218 |     23 |   1 |  490.0 |
      Gauntlet |    207 |    207 |      0 |     29 |      0 |   1 |  207.0 |
               +--------+--------+--------+--------+--------+-----+--------+

Top non-repeatable levels by time:
     D:6: 3318 daAuts
     D:5: 2849 daAuts
 Snake:2: 2430 daAuts
Depths:2: 2213 daAuts
Vaults:1: 2055 daAuts
 Swamp:3: 1999 daAuts
  Lair:5: 1871 daAuts
 Snake:4: 1811 daAuts
  Lair:3: 1784 daAuts
Vaults:2: 1680 daAuts
     D:7: 1634 daAuts
Vaults:4: 1626 daAuts
Vaults:3: 1605 daAuts
  Lair:2: 1552 daAuts
   Orc:2: 1430 daAuts
